AoeStats
← mattelatte

Arabia

507097523Analyzed
3v3 RM · 14d ago on Sep 16, 2026· 43m 29s· 6 players
Game mode
Random Map
Map size
Normal (6 player)
Population
200
Speed
Normal
Resources
Standard
Victory
Conquest
Starting age
Dark Age
Ending age
Imperial Age
RankedLock teamsTeams togetherTeam positionsShared explorationLock speedFull tech treeHidden civsTurbo modeCheats
Victory
Defeat
🇸🇪 Celts · Sweden
878
+30
🇸🇪 Magyars · Sweden
820
+27
🇦🇺 Slavs · Australia
712
+59
🇪🇸 Franks · Spain
886
-20
🇫🇷 Bengalis · France
874
-19
🇸🇰 Goths · Slovakia
851
-18
-MIRO-SLAV
0:33 Loom
11:55 Feudal Age
12:24 Double-Bit Axe
14:06 Man-at-Arms
19:04 Wheelbarrow
24:43 Castle Age
22:36 Horse Collar
26:01 Heavy Plow
26:15 Bow Saw
28:06 Stone Mining
28:07 Gold Mining
28:12 Pikeman
28:52 Squires
32:41 Hand Cart
32:31 Fletching
33:45 Anarchy
42:03 Imperial Age
41:47 Forging
41:38 Scale Mail Armor
Mescalito
0:28 Loom
11:41 Feudal Age
17:08 Castle Age
16:30 Scale Barding Armor
17:39 Double-Bit Axe
23:23 Gold Mining
26:13 Wheelbarrow
26:08 Stone Mining
28:03 Town Watch
31:11 Husbandry
32:11 Chain Barding Armor
32:02 Forging
33:04 Hand Cart
33:13 Town Patrol
33:29 Squires
34:21 Pikeman
39:37 Gold Shaft Mining
40:05 Fortified Wall
43:26 Iron Casting
Acer IV
0:28 Loom
10:13 Feudal Age
23:47 Castle Age
21:43 Horse Collar
22:20 Gold Mining
22:35 Double-Bit Axe
24:47 Crossbowman
26:16 Wheelbarrow
25:48 Heavy Plow
26:03 Town Watch
30:19 Bow Saw
31:42 Hand Cart
31:40 Fletching
31:30 Man-at-Arms
37:19 Imperial Age
35:36 Town Patrol
36:10 Padded Archer Armor
36:48 Long Swordsman
38:25 Conscription
mattelatte
10:27 Feudal Age
19:24 Castle Age
17:52 Horse Collar
18:42 Loom
18:46 Double-Bit Axe
21:09 Bow Saw
21:01 Heavy Plow
22:07 Wheelbarrow
21:19 Town Watch
27:41 Husbandry
29:05 Hand Cart
31:00 Bloodlines
31:30 Scale Barding Armor
35:50 Imperial Age
34:14 Chain Barding Armor
35:48 Gold Mining
36:02 Corvinian Army
38:32 Elite Magyar Huszar
39:33 Conscription
40:46 Two-Man Saw
42:22 Plate Barding Armor
41:38 Fletching
Iggy le Pop
10:27 Feudal Age
10:31 Man-at-Arms
11:03 Double-Bit Axe
10:48 Man-at-Arms
12:20 Horse Collar
16:21 Gold Mining
20:55 Castle Age
22:04 Bow Saw
23:30 Wheelbarrow
22:54 Arson
24:57 Heavy Plow
28:22 Hand Cart
31:33 Imperial Age
30:09 Caravan
30:15 Caravan
30:42 Scale Mail Armor
30:53 Forging
32:42 Gold Shaft Mining
32:18 Town Watch
32:19 Loom
32:59 Conscription
33:21 Chain Mail Armor
33:41 Iron Casting
33:49 Elite Woad Raider
37:55 Plate Mail Armor
38:26 Blast Furnace
Buckleupbuckaru
13:20 Feudal Age
17:56 Horse Collar
18:03 Double-Bit Axe
18:13 Gold Mining
18:13 Stone Mining
20:21 Bloodlines
21:07 Loom
27:50 Castle Age
28:45 Bow Saw
28:37 Heavy Plow
29:15 Gold Shaft Mining
28:45 Husbandry
31:22 Wheelbarrow
30:32 Town Watch
Connection lost

Rejoining the realm…

Still unreachable

The connection could not be restored.

Session expired

The server has moved on; the page needs a fresh start.